 Dungeon Crawl Stone Soup version 0.26-a0-665-gefeb406119 (webtiles) character file.

Game seed: 11808808765562043360

2158 Aarinfel the Cutter (level 9, -2/69 HPs)
             Began as a Gnoll Wanderer on Oct 14, 2020.
             Shot with a sling bullet by Joseph (7 damage)
             ... on level 7 of the Dungeon on Oct 15, 2020.
             The game lasted 00:30:05 (9436 turns).

Aarinfel the Cutter (Gnoll Wanderer)                Turns: 9436, Time: 00:30:05

Health: -2/69      AC: 10    Str: 15    XL:     9   Next: 31%
Magic:  16/16      EV: 13    Int: 18    God:
Gold:   487        SH:  5    Dex: 14    Spells: 17/18 levels left

rFire    . . .     SeeInvis .   o - +1 dagger (venom)
rCold    + . .     Faith    .   (no shield)
rNeg     . . .     Spirit   .   z - +0 leather armour {rC+}
rPois    .         Reflect  +   a - +1 helmet
rElec    .         Harm     .   (no cloak)
rCorr    .         Rampage  .   (no gloves)
MR       .....                  y - +0 pair of boots
Stlth    +++.......             t - amulet of reflection
HPRegen  0.21/turn              r - +4 ring of protection
MPRegen  0.15/turn              (no ring)

@: no status effects
A: distributed training, fangs 1, strong nose
a: no special abilities


You were on level 7 of the Dungeon.
You visited 2 branches of the dungeon, and saw 8 of its levels.
You also visited: Sewer and Ossuary.

You collected 487 gold pieces.

Inventory:

Hand Weapons
 o - a +1 dagger of venom (weapon)
Missiles
 g - 12 javelins (quivered)
Armour
 a - a +1 helmet (worn)
 y - a +0 pair of boots (worn)
 z - a +0 leather armour of cold resistance (worn)
Jewellery
 n - an uncursed amulet of guardian spirit
 r - a +4 ring of protection (left hand)
 t - an amulet of reflection (around neck)
Wands
 d - a wand of enslavement (8)
 k - a wand of disintegration (7)
 m - a wand of flame (13)
 B - a wand of paralysis (8)
Scrolls
 c - 5 scrolls of teleportation
 h - 2 scrolls of fear
 i - a scroll of enchant armour
 s - 5 scrolls of remove curse
 w - 2 scrolls of amnesia
 x - a scroll of immolation
Potions
 b - a potion of lignification
 e - 5 potions of heal wounds
 f - 2 potions of cancellation
 j - 3 potions of haste
 l - 8 potions of curing
 p - 4 potions of stabbing
 q - 2 potions of might
 u - a potion of ambrosia
 v - 2 potions of brilliance
 A - a potion of resistance {unknown}
 C - a potion of flight {unknown}


   Skills:
 + Level 6.2 Fighting
 + Level 6.2 Short Blades
 + Level 4.1 Long Blades
 + Level 4.1 Axes
 + Level 4.1 Maces & Flails
 + Level 4.1 Polearms
 + Level 4.1 Staves
 + Level 4.1 Slings
 + Level 4.1 Bows
 + Level 4.1 Crossbows
 + Level 4.1 Throwing
 + Level 4.1 Armour
 + Level 4.1 Dodging
 + Level 5.9 Stealth
 + Level 4.1 Shields
 + Level 4.1 Unarmed Combat
 + Level 5.0 Spellcasting
 + Level 3.4 Conjurations
 + Level 3.4 Hexes
 + Level 3.4 Summonings
 + Level 3.4 Necromancy
 + Level 3.4 Translocations
 + Level 3.4 Transmutations
 + Level 3.4 Fire Magic
 + Level 3.4 Ice Magic
 + Level 3.4 Air Magic
 + Level 5.1 Earth Magic
 + Level 3.4 Poison Magic
 + Level 4.5 Invocations
 + Level 4.9 Evocations


You had 17 spell levels left.
You knew the following spells:

 Your Spells              Type           Power        Failure   Level
a - Magic Dart            Conj           ###.         4%          1

Your spell library contained the following spells:

 Spells                   Type           Power        Failure   Level
 Blink                    Tloc           N/A          6%          2
 Call Imp                 Summ           ###.....     6%          2
 Slow                     Hex            ###.....     6%          2
 Confusing Touch          Hex            ###.....     12%         3
 Conjure Flame            Conj/Fire      ###.....     12%         3
 Gell's Gravitas          Tloc           ###.......   12%         3
 Mephitic Cloud           Conj/Pois/Air  ###.....     12%         3
 Petrify                  Tmut/Erth      ###.....     28%         4
 Metabolic Englaciation   Hex/Ice        ###.......   73%         5
 Yara's Violent Unravell  Hex/Tmut       ###.......   73%         5


Dungeon Overview and Level Annotations

Branches:
Dungeon (7/15)             Temple (1/1) D:4           Sewer (visited)
Ossuary (visited)

Altars:
Ashenzari
Dithmenos
Elyvilon
Fedhas
Hepliaklqana
Kikubaaqudgha
Nemelex Xobeh
Okawaru
Qazlal
Ru
Sif Muna
Trog
Uskayaw
Wu Jian
Xom
Yredelemnul
Zin
The Shining One

Shops:
D:5 (

Annotations:
D:7 Joseph


Innate Abilities, Weirdness & Mutations

Your experience applies equally to all skills.
You have very sharp teeth.
Your uncanny sense of smell can sniff out nearby items.


Message History

Joseph is heavily wounded.
Joseph hits you with a +3 vorpal quarterstaff.
You hit Joseph but do no damage.
Joseph is severely wounded.
Joseph barely misses you.
You hit Joseph.
Joseph looks as sick as possible!
Joseph is severely wounded.
You hit Joseph.
Joseph looks as sick as possible!
Joseph is severely wounded.
Joseph hits you with a +3 vorpal quarterstaff!
You barely miss Joseph.
Joseph is almost dead.
Joseph hits you with a +3 vorpal quarterstaff!
* * * LOW HITPOINT WARNING * * *
x2 Joseph is nearby!
Joseph unwields a +3 vorpal quarterstaff.
Joseph wields a +0 hunting sling.
Joseph shoots a sling bullet.
The sling bullet barely misses you.
Joseph shoots a sling bullet.
The sling bullet hits you!
You die...

#.# #.# #.#
###############.#
#......(....@.#.#######
#.###########.#........
#.#..>..... #.#........
#@#........ #.)........
####....... ..####+
.... ..... ..###### ∆
.............. ∆
......#.###### #


You could see Joseph (extremely poisoned).

Vanquished Creatures
  2 orc warriors (D:6)
  3 sky beasts
  2 phantoms (D:5)
  4 ogres
  A centaur (D:5)
  4 big kobolds
  A water moccasin zombie (Ossuary)
  3 wights (D:6)
  A jelly (D:6)
  A centaur zombie (D:6)
  An iguana (D:5)
  Natasha (D:3)
  3 worker ants
  2 orc wizards
  2 big kobold zombies (Ossuary)
  A hound skeleton (D:4)
  2 mummies (Ossuary)
  Robin (D:2)
  5 gnolls
  4 adders
  A howler monkey skeleton (D:5)
  A shadow imp (D:5)
  An ufetubus (D:6)
  3 oozes
  A worm zombie (D:7)
  3 adder zombies (Ossuary)
  An adder skeleton (D:6)
  4 worms
  3 dart slugs (D:1)
  10 leopard geckos
  23 orcs
  5 giant cockroaches
  13 hobgoblins
  7 jackals
  27 kobolds
  3 quokkas
  2 ball pythons (Sewer)
  12 bats
  4 frilled lizards
  2 gnoll zombies (Ossuary)
  19 goblins
  7 hobgoblin zombies (Ossuary)
  5 kobold zombies (Ossuary)
  4 orc zombies (Ossuary)
  18 rats
223 creatures vanquished.

Vanquished Creatures (others)
  7 fungi (D:3)
  5 plants
12 creatures vanquished.

Grand Total: 235 creatures vanquished

Notes
Turn   | Place    | Note
-------+----------+-------------------------------------------
     0 | D:1      | Aarinfel the Gnoll Wanderer began the quest for the Orb.
     0 | D:1      | Aarinfel set off with the following items: a +0 dagger, a
                  | potion of lignification, a scroll of teleportation, a +0
                  | robe; and the following spell memorised: Magic Dart; and
                  | the following spells available to memorise: Blink, Call
                  | Imp, Slow, Conjure Flame, Mephitic Cloud
     0 | D:1      | Reached XP level 1. HP: 20/20 MP: 4/4
    75 | D:1      | Reached XP level 2. HP: 3/26 MP: 5/5
   754 | D:1      | Reached XP level 3. HP: 13/31 MP: 7/7
  1126 | D:1      | Reached skill level 1 in Invocations
  1388 | D:1      | Reached skill level 1 in Long Blades
  1388 | D:1      | Reached skill level 1 in Axes
  1388 | D:1      | Reached skill level 1 in Maces & Flails
  1388 | D:1      | Reached skill level 1 in Polearms
  1388 | D:1      | Reached skill level 1 in Staves
  1388 | D:1      | Reached skill level 1 in Slings
  1388 | D:1      | Reached skill level 1 in Bows
  1388 | D:1      | Reached skill level 1 in Crossbows
  1388 | D:1      | Reached skill level 1 in Throwing
  1388 | D:1      | Reached skill level 1 in Armour
  1388 | D:1      | Reached skill level 1 in Dodging
  1388 | D:1      | Reached skill level 1 in Shields
  1388 | D:1      | Reached skill level 1 in Unarmed Combat
  1465 | D:2      | Reached XP level 4. HP: 38/38 MP: 3/8
  1476 | D:2      | Noticed Robin
  1790 | D:2      | Killed Robin
  1790 | D:2      | Reached skill level 1 in Conjurations
  1790 | D:2      | Reached skill level 1 in Hexes
  1790 | D:2      | Reached skill level 1 in Summonings
  1790 | D:2      | Reached skill level 1 in Necromancy
  1790 | D:2      | Reached skill level 1 in Translocations
  1790 | D:2      | Reached skill level 1 in Transmutations
  1790 | D:2      | Reached skill level 1 in Fire Magic
  1790 | D:2      | Reached skill level 1 in Ice Magic
  1790 | D:2      | Reached skill level 1 in Air Magic
  1790 | D:2      | Reached skill level 1 in Poison Magic
  2475 | D:2      | Found a sparkling altar of Nemelex Xobeh.
  2493 | D:2      | Found a glowing silver altar of Zin.
  2493 | D:2      | Noticed an angel
  2689 | D:2      | Reached XP level 5. HP: 43/43 MP: 4/9
  3247 | D:3      | Noticed a moth of wrath
  3250 | D:3      | Found a bloodstained altar of Trog.
  3616 | D:3      | Noticed Natasha
  3625 | D:3      | Found a blossoming altar of Fedhas.
  3633 | D:3      | Killed Natasha
  3633 | D:3      | Reached XP level 6. HP: 42/50 MP: 10/10
  3934 | D:4      | Found a bloodstained altar of Trog.
  4225 | D:4      | Found a glowing drain.
  4253 | Sewer    | Entered a sewer
  4291 | Sewer    | Reached skill level 5 in Fighting
  4291 | Sewer    | Reached skill level 5 in Short Blades
  4619 | Sewer    | Reached XP level 7. HP: 56/56 MP: 12/12
  5152 | D:4      | Found a staircase to the Ecumenical Temple.
  5161 | Temple   | Entered the Ecumenical Temple
  5329 | D:5      | Entered Level 5 of the Dungeon
  5372 | D:5      | Found Buuss's Antique Weapon Shop.
  5636 | D:5      | Found an iron altar of Okawaru.
  5783 | D:5      | Reached skill level 5 in Stealth
  5965 | D:5      | Reached XP level 8. HP: 49/63 MP: 11/14
  8153 | D:6      | Reached skill level 5 in Earth Magic
  8153 | D:6      | Reached XP level 9. HP: 37/69 MP: 9/16
  8728 | D:7      | Found a sand-covered staircase.
  8772 | Ossuary  | Entered an ossuary
  9282 | D:7      | Reached skill level 5 in Spellcasting
  9399 | D:7      | Noticed Joseph
  9436 | D:7      | Shot with a sling bullet by Joseph

Illustrated notes

Levels and vault maps discovered:
D:1:      erik_arrival_blinker_ship, layout_basic
D:2:      layout_loops_ring, old_standard_altar, zin_angel,
          hangedman_decor_opposing, uniq_robin
D:3:      layout_rooms, fedhas_altar_3, tgw_trog, minivault_26, uniq_natasha
D:4:      layout_basic, minmay_temple_entry_antechambers,
          cheibrodos_sewer_entry_bend, st_stairs_6, trog_three_pillars_becter
D:5:      layout_rooms, okawaru_metal_pillars_1_2, serial_shops,
          nicolae_shop_behind_doors, grunt_decor_resistance,
          chequers_serial_rivers_small_a
D:6:      layout_loops_cross
D:7:      layout_basic, gammafunk_temple_overflow_pools, enter_ossuary_3,
          uniq_joseph
Temple:   cyrus_circular_temple

Skill      XL: |  1  2  3  4  5  6  7  8  9 |
---------------+----------------------------+-----
Invocations    | 1 2 3 4 |  4.5
Long Blades    | 1 2 3 4 |  4.1
Axes           | 1 2 3 4 |  4.1
Maces & Flails | 1 2 3 4 |  4.1
Polearms       | 1 2 3 4 |  4.1
Staves         | 1 2 3 4 |  4.1
Slings         | 1 2 3 4 |  4.1
Bows           | 1 2 3 4 |  4.1
Crossbows      | 1 2 3 4 |  4.1
Throwing       | 1 2 3 4 |  4.1
Armour         | 1 2 3 4 |  4.1
Dodging        | 1 2 3 4 |  4.1
Shields        | 1 2 3 4 |  4.1
Unarmed Combat | 1 2 3 4 |  4.1
Spellcasting   | 3 4 5 |  5.0
Conjurations   | 1 2 3 |  3.4
Hexes          | 1 2 3 |  3.4
Summonings     | 1 2 3 |  3.4
Necromancy     | 1 2 3 |  3.4
Translocations | 1 2 3 |  3.4
Transmutations | 1 2 3 |  3.4
Fire Magic     | 1 2 3 |  3.4
Ice Magic      | 1 2 3 |  3.4
Air Magic      | 1 2 3 |  3.4
Poison Magic   | 1 2 3 |  3.4
Evocations     | 3 4 |  4.9
Earth Magic    | 4 5 |  5.1
Fighting       | 5 6 |  6.2
Short Blades   | 5 6 |  6.2
Stealth        | 5 |  5.9

Action                   |  1- 3 |  4- 6 |  7- 9 || total
-------------------------+-------+-------+-------++-------
Melee: Dagger            |   110 |   244 |   525 ||   879
       Bite              |    15 |    33 |    61 ||   109
       Punch             |     1 |     1 |    17 ||    19
 Cast: Magic Dart        |     5 |    96 |    99 ||   200
  Use: Scroll            |       |    11 |     6 ||    17
 Stab: Sleeping          |    10 |     5 |    14 ||    29
Armor: Robe              |    16 |       |       ||    16
       Leather armour    |       |    67 |    86 ||   153
Dodge: Dodged            |    32 |   105 |   170 ||   307
Block: Other             |       |       |    69 ||    69

Table legend: (Time is in decaauts)
 A = Elapsed time spent in this place.
 B = Non-inter-level travel time spent in this place.
 C = Inter-level travel time spent in this place.
 D = Time resting spent in this place.
 E = Time spent auto-exploring this place.
 F = Levels seen in this place.
 G = Mean time per level.
                   A        B        C        D        E       F      G
               +--------+--------+--------+--------+--------+-----+--------+
         Total |   9238 |   8966 |    272 |   2466 |   3773 |  10 |  923.8 |
       Dungeon |   8505 |   8243 |    262 |   2300 |   3682 |   7 | 1215.0 |
        Temple |     67 |     57 |     10 |      0 |     21 |   1 |   67.0 |
         Sewer |    392 |    392 |      0 |    107 |     69 |   1 |  392.0 |
       Ossuary |    273 |    273 |      0 |     59 |      0 |   1 |  273.0 |
               +--------+--------+--------+--------+--------+-----+--------+

Top non-repeatable levels by time:
     D:5: 1696 daAuts
     D:6: 1525 daAuts
     D:2: 1403 daAuts
     D:1: 1376 daAuts
     D:4: 1040 daAuts
     D:3: 988 daAuts
     D:7: 473 daAuts
   Sewer: 392 daAuts
 Ossuary: 273 daAuts
  Temple: 67 daAuts
